AoeStats
← Matayo

Arena

509180479Analyzed
4v4 RM · 8d ago on Sep 25, 2026· 38m 55s· 8 players
Game mode
Random Map
Map size
Large (8 player)
Population
200
Speed
Normal
Resources
Standard
Victory
Conquest
Starting age
Dark Age
Ending age
Imperial Age
RankedLock teamsTeams togetherTeam positionsShared explorationLock speedFull tech treeHidden civsTurbo modeCheats
Victory
Defeat
🇪🇸 Mapuche · Spain
1550
+14
🇹🇼 Celts · Taiwan
1538
+14
🇫🇮 Britons · Finland
1533
+14
🇫🇮 Slavs · Finland
1531
+14
🇨🇿 Lithuanians · Czechia
1587
-18
🇦🇷 Burmese · Argentina
1498
-14
🇦🇷 Varangians · Argentina
1481
-13
🇨🇿 Georgians · Czechia
1430
-11
lobo
10:30 Feudal Age
14:06 Castle Age
12:28 Horse Collar
15:54 Sanctity
19:23 Redemption
22:10 Fervor
23:57 Loom
24:30 Town Watch
28:25 Wheelbarrow
29:30 Hand Cart
31:07 Gold Mining
33:55 Imperial Age
32:49 Padded Archer Armor
33:36 Gold Shaft Mining
32:56 Stone Mining
33:49 Ballistics
35:45 Chemistry
37:37 Fletching
38:44 Bodkin Arrow
Matayo
10:41 Feudal Age
14:56 Castle Age
12:42 Loom
13:14 Double-Bit Axe
15:48 Horse Collar
21:04 Bow Saw
23:30 Scale Barding Armor
24:53 Heavy Plow
25:38 Gold Mining
26:24 Forging
26:04 Fletching
29:35 Wheelbarrow
29:21 Town Watch
33:03 Imperial Age
31:14 Stone Mining
32:17 Iron Casting
32:14 Chain Barding Armor
33:16 Hand Cart
34:36 Plate Barding Armor
34:34 Conscription
Datel
10:28 Feudal Age
14:06 Castle Age
12:34 Double-Bit Axe
12:38 Horse Collar
15:10 Bow Saw
15:28 Heavy Plow
19:21 Wheelbarrow
23:27 Scale Barding Armor
23:32 Forging
25:25 Husbandry
25:39 Bloodlines
27:28 Loom
30:22 Gold Mining
31:32 Husbandry
31:53 Chain Barding Armor
35:12 Imperial Age
33:20 Iron Casting
35:36 Cavalier
37:26 Plate Barding Armor
Shab
10:12 Feudal Age
14:04 Castle Age
11:47 Horse Collar
12:33 Double-Bit Axe
15:52 Loom
18:18 Gold Mining
20:52 Bow Saw
26:17 Wheelbarrow
25:28 Town Watch
26:06 Heavy Plow
26:27 Stone Mining
27:35 Hand Cart
29:31 Forging
32:17 Imperial Age
31:44 Stone Shaft Mining
31:49 Iron Casting
31:20 Scale Barding Armor
33:08 Bloodlines
32:59 Husbandry
32:21 Elite Jarl
34:03 Blast Furnace
34:10 Two-Man Saw
33:44 Crop Rotation
35:35 Chain Barding Armor
35:55 Ballistics
36:35 Chemistry
35:42 Siege Engineers
35:48 Masonry
36:56 Plate Barding Armor
37:10 Conscription
36:17 Gothikon
37:31 Treadmill Crane
Glaki
10:24 Feudal Age
14:46 Castle Age
13:41 Double-Bit Axe
13:39 Horse Collar
15:58 Bow Saw
19:36 Champi Runner
21:08 Forging
22:33 Wheelbarrow
21:44 Loom
23:36 Fervor
24:08 Hand Cart
26:32 Town Watch
29:18 Imperial Age
27:10 Heavy Plow
27:04 Stone Mining
27:50 Fletching
28:01 Padded Archer Armor
30:13 Elite Bolas Rider
30:55 Bodkin Arrow
31:15 Leather Archer Armor
31:22 Ballistics
31:39 Coinage
32:14 Chemistry
31:26 Masonry
32:22 Gold Mining
33:08 Stone Shaft Mining
33:06 Crop Rotation
33:08 Ring Archer Armor
34:36 Malon
34:57 Conscription
34:58 Butalmapu
34:53 Malon
35:14 Conscription
38:20 Siege Engineers
38:46 Architecture
38:00 Treadmill Crane
38:15 Murder Holes
ToWa
11:38 Feudal Age
12:21 Double-Bit Axe
15:16 Castle Age
13:49 Horse Collar
19:24 Squires
18:54 Pikeman
19:21 Loom
20:34 Bow Saw
22:50 Wheelbarrow
22:40 Heavy Plow
23:28 Scale Mail Armor
24:32 Forging
24:58 Chain Mail Armor
25:03 Gold Mining
32:36 Imperial Age
31:28 Iron Casting
32:54 Halberdier
34:06 Plate Mail Armor
33:00 Capped Ram
34:58 Blast Furnace
33:48 Siege Ram
37:16 Hand Cart
39:05 Coinage
erakko
11:58 Feudal Age
13:12 Double-Bit Axe
15:55 Castle Age
13:51 Horse Collar
16:59 Heavy Plow
17:58 Fletching
18:25 Bow Saw
18:55 Fletching
20:11 Bodkin Arrow
22:35 Padded Archer Armor
23:17 Ballistics
24:18 Leather Archer Armor
25:14 Loom
26:05 Wheelbarrow
25:15 Town Watch
30:22 Imperial Age
29:53 Gold Mining
29:56 Stone Mining
30:17 Masonry
31:16 Yeomen
31:39 Bracer
32:45 Chemistry
33:20 Two-Man Saw
34:09 Conscription
35:05 Elite Longbowman
37:26 Hand Cart
39:33 Gold Shaft Mining
39:33 Architecture
39:56 Ring Archer Armor
Fries
8:34 Loom
10:20 Feudal Age
11:57 Double-Bit Axe
14:58 Castle Age
24:00 Horse Collar
25:58 Wheelbarrow
26:06 Heavy Plow
28:33 Hand Cart
29:23 Bow Saw
35:31 Imperial Age
35:38 Imperial Age
34:20 Scale Mail Armor
34:31 Forging
33:44 Pikeman
34:16 Arson
34:16 Gambesons
34:48 Gold Mining
35:45 Ballistics
35:58 Heavy Scorpion
37:00 Conscription
36:18 Capped Ram
37:41 Siege Engineers
38:20 Furor Celtica
38:45 Siege Ram
Connection lost

Rejoining the realm…

Still unreachable

The connection could not be restored.

Session expired

The server has moved on; the page needs a fresh start.